3L
DETROIT RENAISSANCE @ HARTFORD WHALERS
06/21/2023
 
TOP OF THE 1ST
Detroit Renaissance batting - Pitching for Hartford Whalers : RHP Collin Hill
Pitching: RHP Collin Hill
Batting: RHB Kyle Bywaters 0-0: Ball
1-0: Ball
2-0: Foul Ball, location: 2F
2-1: Fly out, F9 (Flyball, 89M)
Batting: RHB Bernardo Herrera 0-0: Ground out 1-3 (Groundball, 15S)
Batting: LHB Gregory Johnson 0-0: Ball
1-0: Fly out, F6 (Line Drive, 6M)
Top of the 1st over - 0 run(s), 0 hit(s), 0 error(s), 0 left on base; Detroit 0 - Hartford 0
BOTTOM OF THE 1ST
Hartford Whalers batting - Pitching for Detroit Renaissance : RHP Kuemon Hirata
Pitching: RHP Kuemon Hirata
Batting: RHB Dave O'Day 0-0: Ground out 6-3 (Groundball, 6)
Batting: RHB Javier Díaz 0-0: Ball
1-0: Swinging Strike
1-1: Ball
2-1: Ball
3-1: Base on Balls
Batting: RHB Joe Craig 0-0: Fly out, F8 (Flyball, 78M)
Batting: RHB Juan Tapia 0-0: Called Strike
0-1: Ball
1-1: Ball
2-1: Called Strike
2-2: Ball
3-2: Foul Ball, location: 2F
3-2: Ground out 6-3 (Groundball, 6)
Bottom of the 1st over - 0 run(s), 0 hit(s), 0 error(s), 1 left on base; Detroit 0 - Hartford 0
TOP OF THE 2ND
Detroit Renaissance batting - Pitching for Hartford Whalers : RHP Collin Hill
Batting: LHB Juan González 0-0: Foul Ball, location: 2F
0-1: Ball
1-1: Ball
2-1: SINGLE (Line Drive, 89S)
Batting: LHB Mike Silver 0-0: Swinging Strike
0-1: SINGLE (Groundball, 56D)
Juan González to second
Batting: RHB Lonnie Conrad 0-0: Ball
1-0: Swinging Strike
1-1: Ball
2-1: Swinging Strike
2-2: Ball
Wild Pitch!
Juan González to third
Mike Silver to second
3-2: Base on Balls
Batting: LHB Luis Rodríguez 0-0: Called Strike
0-1: Called Strike
0-2: Foul Ball, location: 2F
0-2: Ball
1-2: SINGLE (Flyball, 89S)
Juan González scores
Mike Silver to third
Lonnie Conrad to second
Batting: LHB Greg Robinson 0-0: Foul Ball, location: 2F
0-1: Fly out, F8 (Flyball, 8RD)
Runner from 3rd tags up, SCORES, no throw
Batting: RHB Eric D'Angle 0-0: Ball
1-0: Called Strike
1-1: Ball
2-1: SINGLE (Line Drive, 7S)
Lonnie Conrad to third
Luis Rodríguez to second
Batting: RHB Kyle Bywaters 0-0: Foul Ball, location: 2F
0-1: Ball
1-1: Ball
Passed Ball!
Lonnie Conrad scores
Luis Rodríguez to third
Eric D'Angle to second
2-1: DOUBLE (Line Drive, 7LS)
Luis Rodríguez scores
Eric D'Angle scores
Batting: RHB Bernardo Herrera 0-0: Called Strike
Kyle Bywaters steals 3rd base
0-1: Foul Ball, location: 2F
0-2: Foul Ball, location: 2F
0-2: Ball
1-2: Foul Ball, location: 2F
1-2: Strikes out swinging
Batting: LHB Gregory Johnson 0-0: Ball
1-0: SINGLE (Line Drive, 78S)
Kyle Bywaters scores
Batting: LHB Juan González 0-0: Ball
1-0: Ball
2-0: Called Strike
2-1: Foul Ball, location: 2F
2-2: Foul Ball, location: 2F
2-2: Ball
3-2: Base on Balls
Gregory Johnson to second
Batting: LHB Mike Silver 0-0: Called Strike
0-1: Foul Ball, location: 2F
0-2: Fly out, F9 (Flyball, 9D)
Top of the 2nd over - 6 run(s), 6 hit(s), 0 error(s), 2 left on base; Detroit 6 - Hartford 0
BOTTOM OF THE 2ND
Hartford Whalers batting - Pitching for Detroit Renaissance : RHP Kuemon Hirata
Batting: RHB Román Centena 0-0: Called Strike
0-1: Ball
1-1: Foul Ball, location: 2F
1-2: Ground out 6-3 (Groundball, 6)
Batting: LHB Gerald Holloway 0-0: Ball
1-0: Foul Ball, location: 2F
1-1: Swinging Strike
1-2: Ball
2-2: Strikes out swinging
Batting: RHB Michael Collins 0-0: SINGLE (Groundball, 56D) (infield hit)
Batting: RHB Brent Burgess 0-0: Called Strike
0-1: Ball
1-1: Swinging Strike
1-2: Foul Ball, location: 2F
1-2: Fly out, F5 (Popup, 56S)
Bottom of the 2nd over - 0 run(s), 1 hit(s), 0 error(s), 1 left on base; Detroit 6 - Hartford 0
TOP OF THE 3RD
Detroit Renaissance batting - Pitching for Hartford Whalers : RHP Collin Hill
Batting: RHB Lonnie Conrad 0-0: Ball
1-0: Ball
2-0: Called Strike
2-1: Ground out 5-3 (Groundball, 56)
Batting: LHB Luis Rodríguez 0-0: Ball
1-0: Foul Ball, location: 2F
1-1: Ball
2-1: Ball
3-1: Called Strike
3-2: SINGLE (Groundball, 4MD)
Batting: LHB Greg Robinson 0-0: Called Strike
0-1: Foul Ball, location: 2F
0-2: Ball
1-2: Strikes out swinging
Batting: RHB Eric D'Angle 0-0: Ball
1-0: Fielders Choice at 2nd, U6 (Groundball, 6M)
Top of the 3rd over - 0 run(s), 1 hit(s), 0 error(s), 1 left on base; Detroit 6 - Hartford 0
BOTTOM OF THE 3RD
Hartford Whalers batting - Pitching for Detroit Renaissance : RHP Kuemon Hirata
Batting: RHB Dave Farr 0-0: Ball
1-0: Ball
2-0: Called Strike
2-1: Foul Ball, location: 2F
2-2: Foul Ball, location: 2F
2-2: Foul Ball, location: 2F
2-2: Fly out, F9 (Flyball, 89S)
Batting: RHB Dave O'Day 0-0: Foul Ball, location: 2F
0-1: Swinging Strike
0-2: Foul Ball, location: 2F
0-2: Ball
1-2: Ball
2-2: SINGLE (Line Drive, 4MD)
Batting: RHB Javier Díaz 0-0: Grounds into double play, 6-4-3 (Groundball, 6M)
Bottom of the 3rd over - 0 run(s), 1 hit(s), 0 error(s), 0 left on base; Detroit 6 - Hartford 0
TOP OF THE 4TH
Detroit Renaissance batting - Pitching for Hartford Whalers : RHP Collin Hill
Pitching: LHP Ryan Draper
Batting: RHB Kyle Bywaters 0-0: Ball
1-0: Foul Ball, location: 2F
1-1: Foul Ball, location: 2F
1-2: Ball
2-2: SOLO HOME RUN (Flyball, 8RXD), Distance : 430 ft
Batting: RHB Bernardo Herrera 0-0: Ball
1-0: Ball
2-0: Called Strike
2-1: Fly out, F4 (Popup, 9LS)
Batting: LHB Gregory Johnson 0-0: Ball
1-0: Called Strike
1-1: Foul Ball, location: 2F
1-2: Fly out, F8 (Line Drive, 89M)
Batting: LHB Juan González 0-0: Ball
1-0: Ball
2-0: Ball
3-0: Base on Balls
Batting: LHB Mike Silver 0-0: 2-RUN HOME RUN (Line Drive, 89XD), Distance : 429 ft
Batting: RHB Lonnie Conrad 0-0: Called Strike
0-1: Ball
1-1: Ball
2-1: Ground out U3 (Groundball, 3S)
Top of the 4th over - 3 run(s), 2 hit(s), 0 error(s), 0 left on base; Detroit 9 - Hartford 0
BOTTOM OF THE 4TH
Hartford Whalers batting - Pitching for Detroit Renaissance : RHP Kuemon Hirata
Batting: RHB Joe Craig 0-0: Fly out, F8 (Flyball, 8RS)
Batting: RHB Juan Tapia 0-0: Called Strike
0-1: Swinging Strike
0-2: Strikes out swinging
Batting: RHB Román Centena 0-0: Foul Ball, location: 2F
0-1: Ball
1-1: Fly out, F7 (Flyball, 78XD)
Bottom of the 4th over - 0 run(s), 0 hit(s), 0 error(s), 0 left on base; Detroit 9 - Hartford 0
TOP OF THE 5TH
Detroit Renaissance batting - Pitching for Hartford Whalers : LHP Ryan Draper
Batting: LHB Luis Rodríguez 0-0: Ball
1-0: Swinging Strike
1-1: Ground out 4-3 (Groundball, 4)
Batting: LHB Greg Robinson 0-0: Ball
1-0: Ball
2-0: Swinging Strike
2-1: Ball
3-1: Called Strike
3-2: Foul Ball, location: 2F
3-2: Strikes out looking
Batting: RHB Eric D'Angle 0-0: Swinging Strike
0-1: Called Strike
0-2: Strikes out swinging
Top of the 5th over - 0 run(s), 0 hit(s), 0 error(s), 0 left on base; Detroit 9 - Hartford 0
BOTTOM OF THE 5TH
Hartford Whalers batting - Pitching for Detroit Renaissance : RHP Kuemon Hirata
Batting: LHB Gerald Holloway 0-0: Ball
1-0: Ground out 1-3 (Groundball, 13)
Batting: RHB Michael Collins 0-0: Swinging Strike
0-1: Called Strike
0-2: Ball
1-2: Fly out, F8 (Flyball, 8LD)
Batting: RHB Brent Burgess 0-0: Called Strike
0-1: Foul Ball, location: 2F
0-2: Ball
1-2: Ball
2-2: Ball
3-2: Foul Ball, location: 2F
3-2: Base on Balls
Batting: RHB Dave Farr 0-0: Called Strike
0-1: Called Strike
0-2: Ball
1-2: Ball
2-2: Strikes out swinging
Bottom of the 5th over - 0 run(s), 0 hit(s), 0 error(s), 1 left on base; Detroit 9 - Hartford 0
TOP OF THE 6TH
Detroit Renaissance batting - Pitching for Hartford Whalers : LHP Ryan Draper
Pitching: LHP Dale Stevens
Batting: RHB Kyle Bywaters 0-0: Ball
1-0: Foul Ball, location: 2F
1-1: Swinging Strike
1-2: Ground out 4-3 (Groundball, 4)
Batting: RHB Bernardo Herrera 0-0: Ball
1-0: Foul Ball, location: 2F
1-1: Ground out 6-3 (Groundball, 6)
Batting: LHB Gregory Johnson 0-0: Ball
1-0: Foul Ball, location: 2F
1-1: Foul Ball, location: 2F
1-2: SINGLE (Flyball, 78M)
Batting: LHB Juan González 0-0: Ball
1-0: Ball
2-0: Called Strike
2-1: Foul Ball, location: 2F
2-2: Foul Ball, location: 2F
2-2: Foul Ball, location: 2F
2-2: Foul Ball, location: 2F
2-2: Ball
3-2: SINGLE (Groundball, 34D)
Gregory Johnson to second
Gregory Johnson to third
Batting: LHB Mike Silver 0-0: Ball
1-0: Called Strike
1-1: Swinging Strike
1-2: Strikes out looking
Top of the 6th over - 0 run(s), 2 hit(s), 0 error(s), 2 left on base; Detroit 9 - Hartford 0
BOTTOM OF THE 6TH
Hartford Whalers batting - Pitching for Detroit Renaissance : RHP Kuemon Hirata
Batting: RHB Dave O'Day 0-0: Called Strike
0-1: Swinging Strike
0-2: Strikes out swinging
Batting: RHB Javier Díaz 0-0: Swinging Strike
0-1: Ball
1-1: Called Strike
1-2: Strikes out swinging
Batting: RHB Joe Craig 0-0: Swinging Strike
0-1: Ball
1-1: Foul Ball, location: 2F
1-2: Strikes out swinging
Bottom of the 6th over - 0 run(s), 0 hit(s), 0 error(s), 0 left on base; Detroit 9 - Hartford 0
TOP OF THE 7TH
Detroit Renaissance batting - Pitching for Hartford Whalers : LHP Dale Stevens
Batting: RHB Lonnie Conrad 0-0: Called Strike
0-1: Ball
1-1: Called Strike
1-2: SINGLE (Groundball, 56D)
Batting: LHB Luis Rodríguez 0-0: Ball
1-0: Sac Bunt - play at second, runner OUT! 2-6
Batting: LHB Greg Robinson 0-0: Ball
1-0: Swinging Strike
1-1: Swinging Strike
1-2: Strikes out swinging
Batting: RHB Eric D'Angle 0-0: Ball
1-0: Called Strike
1-1: Called Strike
1-2: Ball
2-2: Fly out, F6 (Popup, 6D)
Top of the 7th over - 0 run(s), 1 hit(s), 0 error(s), 1 left on base; Detroit 9 - Hartford 0
BOTTOM OF THE 7TH
Hartford Whalers batting - Pitching for Detroit Renaissance : RHP Kuemon Hirata
Batting: RHB Juan Tapia 0-0: Called Strike
0-1: Called Strike
0-2: Strikes out looking
Batting: RHB Román Centena 0-0: Ground out 1-3 (Groundball, 15)
Batting: LHB Gerald Holloway 0-0: Called Strike
0-1: Swinging Strike
0-2: Ball
1-2: Ball
2-2: DOUBLE (Flyball, 89XD)
Batting: RHB Michael Collins 0-0: Swinging Strike
0-1: Swinging Strike
0-2: Foul Ball, location: 2F
0-2: Ball
1-2: Foul Ball, location: 2F
1-2: Fly out, F8 (Flyball, 8LM)
Bottom of the 7th over - 0 run(s), 1 hit(s), 0 error(s), 1 left on base; Detroit 9 - Hartford 0
TOP OF THE 8TH
Detroit Renaissance batting - Pitching for Hartford Whalers : LHP Dale Stevens
Batting: RHB Kyle Bywaters 0-0: Ball
1-0: Ball
2-0: Fly out, F7 (Flyball, 78M)
Batting: RHB Bernardo Herrera 0-0: Ball
1-0: Called Strike
1-1: Ground out 4-3 (Groundball, 4M)
Batting: LHB Gregory Johnson 0-0: Ball
1-0: Foul Ball, location: 2F
1-1: Ball
2-1: Swinging Strike
2-2: Strikes out looking
Top of the 8th over - 0 run(s), 0 hit(s), 0 error(s), 0 left on base; Detroit 9 - Hartford 0
BOTTOM OF THE 8TH
Hartford Whalers batting - Pitching for Detroit Renaissance : RHP Kuemon Hirata
Batting: RHB Brent Burgess 0-0: Foul Ball, location: 2F
0-1: Ball
1-1: Ball
2-1: Ground out 6-3 (Groundball, 6)
Batting: RHB Dave Farr 0-0: Ball
1-0: Swinging Strike
1-1: Called Strike
1-2: Fly out, F9 (Popup, 9S)
Batting: RHB Dave O'Day 0-0: Ball
1-0: Swinging Strike
1-1: Ball
2-1: Ball
3-1: Called Strike
3-2: Fly out, F7 (Line Drive, 7S)
Bottom of the 8th over - 0 run(s), 0 hit(s), 0 error(s), 0 left on base; Detroit 9 - Hartford 0
TOP OF THE 9TH
Detroit Renaissance batting - Pitching for Hartford Whalers : LHP Dale Stevens
Pitching: RHP Ernest White
Batting: LHB Juan González 0-0: Ball
1-0: Called Strike
1-1: Fly out, F9 (Flyball, 9M)
Batting: LHB Mike Silver 0-0: Called Strike
0-1: Foul Ball, location: 2F
0-2: Strikes out looking
Batting: RHB Lonnie Conrad 0-0: Called Strike
0-1: Ball
1-1: Called Strike
1-2: DOUBLE (Groundball, 5L)
Batting: LHB Luis Rodríguez 0-0: Ball
1-0: Foul Ball, location: 2F
1-1: Fly out, F7 (Flyball, 7M)
Top of the 9th over - 0 run(s), 1 hit(s), 0 error(s), 1 left on base; Detroit 9 - Hartford 0
BOTTOM OF THE 9TH
Hartford Whalers batting - Pitching for Detroit Renaissance : RHP Kuemon Hirata
Now at 1B: Harry Fuller
Batting: RHB Javier Díaz 0-0: Ball
1-0: Foul Ball, location: 2F
1-1: SINGLE (Line Drive, 7S)
Pitching: RHP Jack Carr
Batting: RHB Joe Craig 0-0: Ball
1-0: Swinging Strike
1-1: Ball
2-1: Ball
3-1: Foul Ball, location: 2F
3-2: Grounds into double play, 4-6-3 (Groundball, 4M)
Batting: RHB Juan Tapia 0-0: Called Strike
0-1: Foul Ball, location: 2F
0-2: Foul Ball, location: 2F
0-2: Foul Ball, location: 2F
0-2: Ground out 5-3 (Groundball, 56S)
Bottom of the 9th over - 0 run(s), 1 hit(s), 0 error(s), 0 left on base; Detroit 9 - Hartford 0
This league is powered by Out of the Park Baseball, the baseball management simulation game for PC, Mac and Linux
Friday, July 8th, 2016 - OOTP Baseball 16.9 Build 39